 Dungeon Crawl Stone Soup version 0.29.0-4-gdea44cf6ec (webtiles) character file.

Game seed: 15146387184201623706

231 qw the Chopper (level 5, 0/45 HPs)
             Began as a Minotaur Fighter on Sept 5, 2022.
             Slain by an orc
             ... wielding a +0 mace
              (4 damage)
             ... on level 4 of the Dungeon.
             The game lasted 00:01:23 (3203 turns).

qw the Chopper (Minotaur Fighter)                   Turns: 3203, Time: 00:01:23

Health: 0/45       AC: 13    Str: 22    XL:     5   Next: 73%
Magic:  4/4        EV:  7    Int:  5    God:
Gold:   143        SH:  4    Dex: 10    Spells: 4/4 levels left

rFire   . . .      SeeInvis .   Y - +0 war axe (freeze)
rCold   . . .      Faith    .   c - +0 buckler
rNeg    . . .      Spirit   .   g - +0 chain mail
rPois   .          Reflect  .   (helmet restricted)
rElec   .          Harm     .   a - +0 cloak
rCorr   .          Rampage  .   (no gloves)
Will    .....                   k - +2 pair of boots
Stlth   ..........              (no amulet)
HPRegen 0.15/turn               (no ring)
MPRegen 0.09/turn               (no ring)

@: lethally poisoned (0 -> -7), about to teleport, slowed, very slow
A: horns 2, retaliatory headbutt
a: no special abilities


You were on level 4 of the Dungeon.
You visited 1 branch of the dungeon, and saw 4 of its levels.

You collected 143 gold pieces.


Innate Abilities, Weirdness & Mutations

You have a pair of horns on your head.
You reflexively headbutt those who attack you in melee.


   Skills:
 + Level 3.6 Fighting
 - Level 7.1 Axes
 - Level 3.6 Armour
 - Level 1.1 Dodging
 - Level 3.6 Shields


You had 4 spell levels left.
You didn't know any spells.
Your spell library was empty.

Inventory:

Hand Weapons
 p - a +0 flail
 Y - a +0 war axe of freezing (weapon)
Armour
 a - a +0 cloak (worn)
 c - a +0 buckler (worn)
 g - a +0 chain mail (worn)
 k - a +2 pair of boots (worn)
Scrolls
 j - 3 scrolls of identify
Potions
 d - 3 potions of might
 i - 2 potions of mutation
 l - 2 potions of heal wounds
 n - a potion of haste
 o - a potion of curing

Dungeon Overview and Level Annotations

Branches:
Dungeon (4/15)             Temple (0/1) D:4

Altars:
Dithmenos

Shops:
D:1 [


Message History

The jackal bites you but does no damage. x2
You hit the jackal but do no damage.
The jackal is severely wounded.
You block the jackal's attack.
You barely miss the jackal. Your headbutt misses the jackal.
The jackal is severely wounded.
You block the jackal's attack. x2
You barely miss the jackal. You headbutt the jackal.
You kill the jackal!
You start resting.
You hear the slow rusting of a drain nearby.
HP restored.
You now have 143 gold pieces (gained 13).
Found a staircase to the Ecumenical Temple.
3187 ||| PLANNING TEMPLE
(D) Dungeon (T) Temple
Where to? (* - list waypoints, Enter - D:4, ? - help) Sorry, I don't know how to get there.
An orc is nearby!
The orc throws a curare-tipped dart.
The curare-tipped dart hits you.
You are poisoned.
You have difficulty breathing.
You feel yourself slow down.
You feel very sick.
You feel very sick.
You feel very sick.
The orc throws a curare-tipped dart.
The curare-tipped dart hits you.
You are more poisoned.
You have difficulty breathing.
You feel as though you will be slow longer.
You feel very sick. The orc hits you with a +0 mace.
You barely miss the orc. Your headbutt misses the orc.
You feel very sick. You block the orc's attack.
3203 ||| READING scroll of teleportation.
As you read the scroll of teleportation, it crumbles to dust.
You feel strangely unstable.
You feel very sick. The orc hits you but does no damage.
The orc hits you with a +0 mace.
You die...

~~...~~~~~~......
~~.>.~~~~~~.#...#
~~~...~~~~~~.#...#
~~~~~~~~~~~~.#...#
~~~~~~~~~~~......####.
~~~~~~~~~.............
..~~~~~...............
.....................
####....#####@..###..
#....# #o..# #.#.##
#...# ##.####.#.#
#.$.# ..........####
#...# .##.##.......#
#...# ...........#.#
....#
###..#...#.#.#.###.#
.....#.#...<..#


You could see an orc.

Vanquished Creatures
  A hound (D:4)
  Terence (D:3)
  Natasha (D:4)
  An orc wizard (D:3)
  3 adders
  3 worms
  4 dart slugs
  4 orcs (D:3)
  7 endoplasms
  4 giant cockroaches
  9 hobgoblins
  5 jackals
  3 quokkas
  6 ball pythons
  6 bats
  3 frilled lizards
  A goblin (D:1)
  12 kobolds
  A rat (D:1)
75 creatures vanquished.

Notes
Turn   | Place    | Note
-------+----------+-------------------------------------------
     0 | D:1      | qw the Minotaur Fighter began the quest for the Orb.
     0 | D:1      | Reached XP level 1. HP: 19/19 MP: 0/0
     0 | D:1      | 0 ||| qw: Version: 0.1-a-104-g96f76f8
     0 | D:1      | 0 ||| qw: Game counter: 5975
     0 | D:1      | 0 ||| qw: Always use a shield: true
     0 | D:1      | 0 ||| qw: God list: Ru
     0 | D:1      | 0 ||| qw: Allow faded altars: false
     0 | D:1      | 0 ||| qw: Do Orc after D:15 true
     0 | D:1      | 0 ||| qw: Do second Lair branch before Depths: true
     0 | D:1      | 0 ||| qw: Lair rune preference: random
     0 | D:1      | 0 ||| qw: Plans: Normal
     0 | D:1      | 0 ||| PLANNING D:1-11
    73 | D:1      | Reached skill level 3 in Axes
   102 | D:1      | Reached XP level 2. HP: 26/26 MP: 1/1
   483 | D:1      | Reached skill level 4 in Axes
   490 | D:1      | Reached XP level 3. HP: 20/31 MP: 2/2
   806 | D:1      | Found Zuria's Armour Shoppe.
  1151 | D:1      | 1151 ||| UPGRADING to +0 chain mail.
  1161 | D:1      | 1161 ||| DROPPING +0 scale mail.
  1162 | D:1      | 1162 ||| READING scroll labelled TOAPPE URIF.
  1163 | D:1      | 1163 ||| READING scroll labelled DANOTH MAEX.
  1164 | D:1      | 1164 ||| READING 2 scrolls labelled MOGOIM ZIOCOTUL.
  1165 | D:1      | 1165 ||| READING 2 scrolls labelled JODEUD SIFA.
  1166 | D:1      | 1166 ||| READING scroll labelled URRARI OGEVI.
  1167 | D:1      | 1167 ||| READING scroll labelled HAABIO IM RARCH.
  1172 | D:1      | 1172 ||| DRINKING 2 smoky ruby potions.
  1173 | D:1      | 1173 ||| DROPPING scroll of summoning.
  1200 | D:2      | 1200 ||| Stepping ~*~*~tactically~*~*~ (stealth).
  1201 | D:2      | 1201 ||| Stepping ~*~*~tactically~*~*~ (stealth).
  1313 | D:2      | Reached skill level 5 in Axes
  1351 | D:2      | 1351 ||| FLEEEEING.
  1352 | D:2      | 1352 ||| FLEEEEING.
  1353 | D:2      | 1353 ||| FLEEEEING.
  1354 | D:2      | 1354 ||| FLEEEEING.
  1355 | D:2      | 1355 ||| FLEEEEING.
  1356 | D:2      | 1356 ||| FLEEEEING.
  1359 | D:2      | 1359 ||| STAIRDANCE
  1533 | D:1      | 1533 ||| UPGRADING to +0 cloak.
  1538 | D:1      | 1538 ||| READING scroll labelled DIELIO UTIDA.
  1577 | D:2      | 1577 ||| Stepping ~*~*~tactically~*~*~ (hiding).
  1810 | D:2      | Reached XP level 4. HP: 39/39 MP: 3/3
  2223 | D:2      | 2223 ||| UPGRADING to +0 pair of boots.
  2228 | D:2      | 2228 ||| UPGRADING to +2 pair of boots.
  2238 | D:2      | 2238 ||| DROPPING +0 pair of boots.
  2239 | D:2      | 2239 ||| DRINKING 2 inky potions.
  2240 | D:2      | 2240 ||| READING 3 scrolls of identify.
  2240 | D:2      | 2240 ||| IDENTIFYING ruby potion
  2241 | D:2      | 2241 ||| READING 2 scrolls of identify.
  2241 | D:2      | 2241 ||| IDENTIFYING bubbling brown potion
  2242 | D:2      | 2242 ||| DROPPING potion of degeneration.
  2290 | D:3      | 2290 ||| Stepping ~*~*~tactically~*~*~ (stealth).
  2294 | D:3      | Reached skill level 1 in Dodging
  2522 | D:3      | Noticed Terence
  2529 | D:3      | Killed Terence
  2575 | D:3      | Reached skill level 6 in Axes
  2624 | D:3      | 2624 ||| DROPPING +0 whip.
  2658 | D:3      | Found a shadowy altar of Dithmenos.
  2747 | D:3      | Reached XP level 5. HP: 45/45 MP: 4/4
  2782 | D:3      | 2782 ||| Stepping ~*~*~tactically~*~*~ (stealth).
  2784 | D:3      | 2784 ||| Stepping ~*~*~tactically~*~*~ (stealth).
  3030 | D:3      | 3030 ||| READING scroll labelled FUCRUS NEMOV.
  3031 | D:3      | 3031 ||| READING scroll labelled TESTAXKEMIC.
  3032 | D:3      | 3032 ||| DRINKING 2 amethyst potions.
  3066 | D:3      | 3066 ||| DRINKING 3 golden potions.
  3067 | D:3      | 3067 ||| READING 4 scrolls of identify.
  3067 | D:3      | 3067 ||| IDENTIFYING murky green potion
  3068 | D:3      | 3068 ||| DROPPING potion of lignification.
  3069 | D:3      | 3069 ||| DROPPING 2 potions of brilliance.
  3121 | D:4      | 3121 ||| PLANNING SEWER
  3144 | D:4      | 3144 ||| Stepping ~*~*~tactically~*~*~ (stealth).
  3145 | D:4      | Noticed Natasha
  3146 | D:4      | 3146 ||| Stepping ~*~*~tactically~*~*~ (hiding).
  3152 | D:4      | Killed Natasha
  3153 | D:4      | Reached skill level 7 in Axes
  3156 | D:4      | 3156 ||| Stepping ~*~*~tactically~*~*~ (stealth).
  3157 | D:4      | 3157 ||| Stepping ~*~*~tactically~*~*~ (stealth).
  3186 | D:4      | Found a staircase to the Ecumenical Temple.
  3187 | D:4      | 3187 ||| PLANNING TEMPLE
  3202 | D:4      | HP: 6/45 [poisoned by an orc (curare-tipped dart)]
  3203 | D:4      | 3203 ||| READING scroll of teleportation.
  3203 | D:4      | Slain by an orc

Levels and vault maps discovered:
D:1:      psy_arrival_radial01, layout_loops_ring, serial_shops,
          nicolae_shop_waterfront, hangedman_decor_clover_reticule
D:2:      layout_basic
D:3:      layout_loops_ring, nicolae_dithmenos_shadow_blocks, uniq_terence
D:4:      layout_loops_cross, minitemple, temple_pool_b, portal_sewer_entry_a,
          serial_forest, infiniplex_forest_zigzag_1,
          infiniplex_forest_lined_ring, infiniplex_forest_clump_long,
          infiniplex_forest_corner_1, uniq_natasha, uniq_robin

Skill      XL: |  1  2  3  4  5 |
---------------+----------------+-----
Axes           | 3 4 5 6 7 |  7.1
Dodging        | 1 |  1.1
Fighting       | |  3.6
Armour         | |  3.6
Shields        | |  3.6

Action                   |  1- 3 |  4- 6 || total
-------------------------+-------+-------++-------
Melee: War axe           |    86 |    89 ||   175
       Headbutt          |    16 |    11 ||    27
  Use: Scroll            |     7 |     6 ||    13
       Potion            |     1 |     3 ||     4
Armor: Scale mail        |    13 |       ||    13
       Chain mail        |    10 |    49 ||    59
Dodge: Dodged            |    43 |    17 ||    60
Block: Buckler           |    17 |    19 ||    36

Table legend:
 A = Non-vault XP
 B = Vault XP
 C = Vault XP percentage of total XP
 D = Non-vault monster count
 E = Vault monster count
 F = Vault count percentage of total count
                 A         B        C        D         E       F
            +---------+---------+-------+---------+---------+-------
      Total |     260 |      71 |  21.5 |      73 |       2 |   2.7
            +---------+---------+-------+---------+---------+-------
        D:1 |      57 |       0 |   0.0 |      30 |       0 |   0.0
        D:2 |      50 |       0 |   0.0 |      18 |       0 |   0.0
        D:3 |     101 |      36 |  26.3 |      21 |       1 |   4.5
        D:4 |      52 |      35 |  40.2 |       4 |       1 |  20.0
            +---------+---------+-------+---------+---------+-------
